 Dungeon Crawl Stone Soup version 0.30.0-29-ga12c61a403 (webtiles) character file.

Game seed: 9186507519952965358

36 GimliDwarf the Changer (level 3, 0/28 HPs)
             Began as a Gnoll Wanderer on June 14, 2023.
             Slain by a worm (10 damage)
             ... on level 2 of the Dungeon.
             The game lasted 00:03:46 (1140 turns).

GimliDwarf the Changer (Gnoll Wanderer)             Turns: 1140, Time: 00:03:46

Health: 0/28       AC:  2    Str:  9    XL:     3   Next: 37%
Magic:  7/7        EV: 11    Int: 16    God:
Gold:   81         SH:  0    Dex: 10    Spells: 6/7 levels left

rFire   . . .        h - +0 rapier
rCold   . . .        (no shield)
rNeg    . . .        d - +0 robe
rPois   .            (no helmet)
rElec   .            (no cloak)
rCorr   .            (no gloves)
SInv    .            (no boots)
Will    .....        (no amulet)
Stlth   ++           (no ring)
HPRegen 0.24/turn    (no ring)
MPRegen 0.10/turn

%: no passive effects
@: no status effects
A: fangs 1, strong nose, distributed training
a: no special abilities


You were on level 2 of the Dungeon.
You visited 1 branch of the dungeon, and saw 2 of its levels.

You collected 81 gold pieces.

Inventory:

Hand Weapons
 a - a +0 dagger
 h - a +0 rapier (weapon)
Missiles
 b - 4 poisoned darts (quivered)
Armour
 d - a +0 robe (worn)
Scrolls
 e - a scroll of magic mapping {unknown}
 g - a scroll of teleportation {unknown}
 j - a scroll of amnesia {unknown}
 k - a scroll of poison {unknown}
Potions
 c - a potion of mutation
 f - a potion of haste {unknown}
 i - 2 potions of might {unknown}


   Skills:
 + Level 2.6 Fighting
 + Level 0.8 Short Blades
 + Level 0.8 Long Blades
 + Level 0.8 Axes
 + Level 0.8 Maces & Flails
 + Level 0.8 Polearms
 + Level 0.8 Staves
 + Level 0.8 Ranged Weapons
 + Level 4.5 Throwing
 + Level 0.8 Armour
 + Level 0.8 Dodging
 + Level 2.4 Stealth
 + Level 0.8 Shields
 + Level 0.8 Unarmed Combat
 + Level 2.8 Spellcasting
 + Level 0.5 Conjurations
 + Level 0.5 Hexes
 + Level 0.5 Summonings
 + Level 0.5 Necromancy
 + Level 0.5 Translocations
 + Level 7.1 Transmutations
 + Level 0.5 Fire Magic
 + Level 0.5 Ice Magic
 + Level 0.5 Air Magic
 + Level 2.1 Earth Magic
 + Level 0.5 Poison Magic
 + Level 1.0 Invocations
 + Level 0.8 Evocations


You had 6 spell levels left.
You knew the following spells:

 Your Spells              Type           Power      Damage    Failure   Level
a - Beastly Appendage     Tmut           50%        N/A       1%          1

Your spell library contained the following spells:

 Spells                   Type           Power      Damage    Failure   Level
 Sandblast                Erth           18%        2d7       8%          1
 Spider Form              Tmut/Pois      14%        N/A       12%         3
 Apportation              Tloc           8%         N/A       16%         1
 Blink                    Tloc           8%         N/A       22%         2
 Stone Arrow              Conj/Erth      12%        3d7       32%         3
 Ice Form                 Ice/Tmut       14%        N/A       36%         4
 Volatile Blastmotes      Fire/Tloc      8%         2d10      41%         3
 Alistair's Intoxication  Tmut/Pois      9%         N/A       73%         5
 Conjure Ball Lightning   Conj/Air       2%         3x3d6     100%        6
 Discord                  Hex            2%         N/A       100%        8
 Disjunction              Tloc           2%         N/A       100%        8


Dungeon Overview and Level Annotations

Branches:
Dungeon (2/15)

Altars:


Innate Abilities, Weirdness & Mutations

You have very sharp teeth.
Your uncanny sense of smell can sniff out nearby items.
Your experience applies equally to all skills.


Message History

You hit the ball python.
You kill the ball python!
Your Invocations skill increases to level 1!
No target in view!
You now have 81 gold pieces (gained 7).
A bat comes into view.
Found a spear.
The helpless bat fails to defend itself.
You hit the bat.
You kill the bat!
A bat comes into view.
Found a short sword.
An endoplasm comes into view.
Found a stone staircase leading up.
Found a scroll labelled WYHOUM GUVVEYJ.
The helpless bat fails to defend itself.
You puncture the bat!
You kill the bat!
A worm comes into view.
The helpless worm fails to defend itself.
You puncture the worm!
The worm is heavily wounded.
The worm bites you!
You hit the worm.
The worm is heavily wounded.
The worm bites you.
You hit the worm.
The worm is heavily wounded.
The worm barely misses you.
You hit the worm. Your bite misses the worm.
The worm is heavily wounded.
You hit the worm.
The worm is almost dead.
The worm bites you!
You are too injured to fight recklessly!
You are too injured to fight recklessly!
You barely miss the worm. You bite the worm, but do no damage.
The worm is severely wounded.
The worm bites you!
You die...

∆ ∆ # ######### .#
#...#...# ..
##########.#.#)#w#.###.#
...........#..†#@?.....#
...........##...........
.....#(.#...#.###.......
.....#..#...#.########.#
#...##.###?......# .
#...#..#)#...#.....J#
##.##.##.##..#......#
.#[#..#...#..#..<...#
.###.##...##.#......#


You could see a worm.

Vanquished Creatures
  A worm (D:2)
  A dart slug (D:1)
  An endoplasm (D:1)
  2 giant cockroaches (D:1)
  2 goblins (D:1)
  2 hobgoblins (D:1)
  2 kobolds (D:1)
  5 ball pythons
  9 bats
  2 frilled lizards (D:1)
  A rat (D:1)
28 creatures vanquished.

Notes
Turn   | Place    | Note
-------+----------+-------------------------------------------
     0 | D:1      | GimliDwarf the Gnoll Wanderer began the quest for the Orb.
     0 | D:1      | GimliDwarf set off with the following items: a +0 dagger, 8
                  | poisoned darts, a potion of mutation, a +0 robe; and the
                  | following spells available to memorise: Beastly Appendage,
                  | Sandblast, Spider Form, Stone Arrow, Ice Form.
     0 | D:1      | Reached XP level 1. HP: 17/17 MP: 4/4
     2 | D:1      | Learned a level 1 spell: Beastly Appendage
   230 | D:1      | Reached XP level 2. HP: 23/23 MP: 3/5
   692 | D:1      | Reached XP level 3. HP: 28/28 MP: 7/7
   786 | D:1      | Got the Notes on the Wayfarer
  1101 | D:2      | Reached skill level 1 in Invocations
  1140 | D:2      | Slain by a worm

Illustrated notes

Levels and vault maps discovered:
D:1:      minmay_arrival_stair_chambers, layout_loops_ring,
          amcnicky_mini_pool_small
D:2:      layout_basic, eino_tiny_chamber, minmay_unequal

Skill      XL: |  1  2  3 |
---------------+----------+-----
Earth Magic    | 2 |  2.1
Invocations    | 1 |  1.0
Fighting       | |  2.6
Short Blades   | |  0.8
Long Blades    | |  0.8
Axes           | |  0.8
Maces & Flails | |  0.8
Polearms       | |  0.8
Staves         | |  0.8
Ranged Weapons | |  0.8
Throwing       | |  4.5
Armour         | |  0.8
Dodging        | |  0.8
Stealth        | |  2.4
Shields        | |  0.8
Unarmed Combat | |  0.8
Spellcasting   | |  2.8
Conjurations   | |  0.5
Hexes          | |  0.5
Summonings     | |  0.5
Necromancy     | |  0.5
Translocations | |  0.5
Transmutations | |  7.1
Fire Magic     | |  0.5
Ice Magic      | |  0.5
Air Magic      | |  0.5
Poison Magic   | |  0.5
Evocations     | |  0.8

Action                     || total
---------------------------++-------
  Melee: Dagger            ||    19
         Kick              ||     8
         Bite              ||     5
         Punch             ||     2
         Rapier            ||    44
  Throw: Dart              ||    31
   Cast: Beastly Appendage ||     4
   Stab: Sleeping          ||     4
 Armour: Robe              ||    23
  Dodge: Dodged            ||    54
